AoeStats
← Raul Selección

Oasis

509960676Analyzed
4v4 RM · 2d ago on Sep 28, 2026· 53m 36s· 8 players
Game mode
Random Map
Map size
Large (8 player)
Population
200
Speed
Normal
Resources
Standard
Victory
Conquest
Starting age
Dark Age
Ending age
Imperial Age
RankedLock teamsTeams togetherTeam positionsShared explorationLock speedFull tech treeHidden civsTurbo modeCheats
Victory
Defeat
🇹🇷 Saxons · Türkiye
1105
+15
🇪🇸 Varangians · Spain
1034
+18
🇪🇸 Italians · Spain
1032
+18
🇮🇪 Bengalis · Ireland
1001
+19
🇷🇺 Britons · Russia
1154
-21
🇷🇺 Bohemians · Russia
1123
-19
🇷🇺 Teutons · Russia
1041
-16
🇷🇺 Franks · Russia
1000
-42
TheIrishMan
12:42 Feudal Age
13:35 Double-Bit Axe
16:44 Castle Age
14:45 Loom
14:57 Horse Collar
18:22 Wheelbarrow
18:18 Gold Mining
20:25 Scale Barding Armor
23:43 Pikeman
24:59 Heavy Plow
27:14 Gold Shaft Mining
27:25 Scale Mail Armor
27:36 Forging
28:11 Bow Saw
29:37 Squires
32:42 Hand Cart
37:22 Imperial Age
36:22 Man-at-Arms
36:48 Gambesons
38:23 Fletching
38:49 Chain Mail Armor
40:53 Halberdier
41:30 Town Watch
42:22 Iron Casting
41:43 Bodkin Arrow
41:49 Padded Archer Armor
41:50 Stone Mining
43:08 Two-Man Saw
42:41 Arson
45:37 Town Patrol
49:34 Crop Rotation
49:48 Conscription
50:42 Elite Skirmisher
50:43 Crossbowman
Oranos
9:00 Feudal Age
9:25 Loom
12:23 Wheelbarrow
13:19 Fletching
20:51 Castle Age
21:30 Padded Archer Armor
20:54 Crossbowman
22:29 Bodkin Arrow
22:32 Horse Collar
26:23 Stone Mining
28:49 Double-Bit Axe
30:13 Bow Saw
30:54 Heavy Plow
31:10 Gold Mining
32:42 Hand Cart
33:24 Scale Mail Armor
33:34 Forging
34:24 Chain Mail Armor
35:17 Squires
35:03 Arson
35:55 Iron Casting
35:43 Ballistics
35:04 Treadmill Crane
35:58 Gambesons
38:51 Imperial Age
36:09 Town Watch
37:01 Gold Shaft Mining
37:13 Masonry
36:58 Murder Holes
38:26 Leather Archer Armor
39:04 Caravan
40:03 Plate Mail Armor
38:54 Shield Wall
38:55 Elite Hearth Troop
39:57 Conscription
40:12 Crop Rotation
39:59 Bracer
41:02 Chemistry
40:08 Siege Engineers
40:05 Capped Ram
40:13 Elite Varangian Guard
41:20 Siege Ram
46:04 Ring Archer Armor
46:08 Architecture
46:40 Pikeman
48:51 Arrowslits
48:57 Guard Tower
49:02 Halberdier
52:53 Two-Man Saw
52:39 Keep
52:16 Fortified Wall
3loi1123
Raul Selección
3:08 Loom
17:04 Feudal Age
17:37 Double-Bit Axe
17:45 Horse Collar
19:21 Fletching
22:22 Castle Age
28:53 Ballistics
31:38 Masonry
31:39 Fortified Wall
32:44 Wheelbarrow
32:23 Bow Saw
32:26 Padded Archer Armor
32:40 Bodkin Arrow
33:36 Silk Road
34:09 Hand Cart
34:39 Caravan
35:46 Murder Holes
38:32 Imperial Age
36:20 Stone Mining
36:20 Gold Mining
36:21 Stone Mining
36:34 Heavy Plow
36:52 Leather Archer Armor
39:13 Thumb Ring
40:18 Chemistry
39:49 Architecture
39:47 Bracer
40:18 Ring Archer Armor
39:59 Forging
39:49 Scale Mail Armor
39:55 Scale Barding Armor
40:56 Two-Man Saw
40:29 Crop Rotation
41:54 Conscription
42:40 Hoardings
42:39 Pirotechnia
50:40 Elite Genoese Crossbowman
52:08 Coinage
51:48 Guilds
pip
10:03 Feudal Age
10:38 Horse Collar
10:44 Double-Bit Axe
17:21 Castle Age
17:01 Fletching
17:12 Padded Archer Armor
19:03 Forging
18:54 Scale Mail Armor
19:42 Wheelbarrow
23:25 Scale Barding Armor
23:56 Iron Casting
23:36 Husbandry
25:46 Loom
29:14 Hand Cart
29:38 Bow Saw
33:49 Imperial Age
32:08 Bodkin Arrow
32:28 Leather Archer Armor
34:06 Stone Mining
33:58 Cavalier
34:48 Bracer
35:19 Ring Archer Armor
35:18 Ballistics
35:41 Conscription
35:43 Gold Mining
38:18 Chemistry
39:46 Elite Longbowman
41:55 Blast Furnace
41:15 Chain Barding Armor
Garion
8:04 Loom
11:17 Feudal Age
20:00 Padded Archer Armor
21:20 Fletching
25:36 Castle Age
38:32 Double-Bit Axe
41:33 Bow Saw
42:14 Wheelbarrow
41:24 Town Watch
45:27 Imperial Age
45:09 Chemistry
44:26 Horse Collar
45:05 Hand Cart
Don Quixote
0:34 Loom
14:19 Feudal Age
15:38 Horse Collar
16:04 Double-Bit Axe
20:38 Castle Age
20:10 Stone Mining
23:27 Bow Saw
23:19 Heavy Plow
25:21 Gold Mining
26:06 Stone Shaft Mining
28:58 Forging
28:48 Scale Mail Armor
30:07 Fletching
30:35 Pikeman
31:16 Squires
32:16 Ironclad
32:18 Arson
33:31 Bodkin Arrow
34:12 Iron Casting
34:12 Chain Mail Armor
39:20 Imperial Age
37:30 Wheelbarrow
37:38 Ballistics
37:41 Masonry
38:01 Elite Skirmisher
38:44 Padded Archer Armor
40:29 Crenellations
40:37 Conscription
40:51 Leather Archer Armor
42:28 Chemistry
41:37 Siege Engineers
41:06 Capped Ram
42:09 Elite Teutonic Knight
43:45 Plate Mail Armor
45:00 Ring Archer Armor
46:02 Hoardings
48:13 Blast Furnace
49:13 Chemistry
50:04 Halberdier
Ryōshū
10:42 Loom
13:57 Feudal Age
18:24 Forging
20:00 Wheelbarrow
20:03 Scale Mail Armor
20:25 Double-Bit Axe
20:39 Fletching
20:50 Padded Archer Armor
20:56 Scale Barding Armor
27:09 Castle Age
25:21 Man-at-Arms
29:05 Light Cavalry
29:48 Husbandry
31:58 Iron Casting
31:38 Chain Mail Armor
36:57 Hand Cart
37:35 Chain Barding Armor
40:38 Caravan
41:16 Devotion
41:47 Leather Archer Armor
41:33 Bodkin Arrow
Connection lost

Rejoining the realm…

Still unreachable

The connection could not be restored.

Session expired

The server has moved on; the page needs a fresh start.